 Dungeon Crawl Stone Soup version 0.27.1-2-g3b301248ec (webtiles) character file.

Game seed: 12363225154925126600

4209 pkoi the Grappler (level 10, -12/132 HPs)
             Began as a Troll Fighter on Oct 1, 2021.
             Was a Priest of Dithmenos.
             Killed from afar by a wretched star (18 damage)
             ... with a lance of force
             ... on level 2 of the Abyss.
             The game lasted 00:11:57 (6504 turns).

pkoi the Grappler (Troll Fighter)                   Turns: 6504, Time: 00:11:58

Health: -12/132    AC:  7    Str: 28    XL:     10   Next: 8%
Magic:  9/9        EV:  9    Int:  5    God:    Dithmenos [***...]
Gold:   1640       SH: 11    Dex:  9    Spells: 9/9 levels left

rFire    . . .     SeeInvis .     - Unarmed
rCold    . . .     Faith    .   b - +1 kite shield
rNeg     + + .     Spirit   .   a - +0 robe
rPois    +         Reflect  .   p - +2 hat of Ruluudiwk {rElec rN++ Stlth-}
rElec    +         Harm     .   n - +0 cloak
rCorr    .         Rampage  .   (gloves unavailable)
Will     .....     Rnd*Rage +   (boots unavailable)
Stlth    ..........             (no amulet)
HPRegen  1.32/turn              o - ring of poison resistance
MPRegen  0.11/turn              (no ring)

@: berserking, wreathed by umbra, very quick
A: large, unfitting armour, claws 3, regeneration 1, shaggy fur 1, tough skin 1,
[berserk 2]
a: Renounce Religion, Shadow Step


You were on level 2 of the Abyss.
You worshipped Dithmenos.
Dithmenos was most pleased with you.
You visited 1 branch of the dungeon, and saw 9 of its levels.
You visited the Abyss 1 time.
You also visited: Sewer and Ossuary.

You collected 1640 gold pieces.

Inventory:

Missiles
 e - 21 poisoned darts (quivered)
 s - 9 boomerangs
 y - 7 curare-tipped darts
 A - 3 javelins
Armour
 a - a +0 robe (worn)
 b - a +1 kite shield (worn)
 n - a +0 cloak (worn)
 p - the +2 hat of Ruluudiwk (worn) {rElec rN++ Stlth-}
   (You found it on level 5 of the Dungeon)

   rElec:     It insulates you from electricity.
   rN:        It greatly protects you from negative energy.
   Stlth:     It makes you less stealthy.
Jewellery
 o - a ring of poison resistance (left claw)
Wands
 v - a wand of charming (4)
 B - a wand of mindburst (11)
Scrolls
 d - a scroll of identify
 f - 4 scrolls of teleportation
 i - 2 scrolls of enchant weapon
 j - 2 scrolls of silence
 l - a scroll of amnesia
 t - a scroll of blinking
 w - a scroll of enchant armour
Potions
 c - a potion of might
 g - 7 potions of curing
 h - 3 potions of lignification
 k - a potion of cancellation
 m - 2 potions of haste
 q - 4 potions of flight
 r - 2 potions of resistance
 x - a potion of heal wounds
 z - a potion of brilliance


   Skills:
 - Level 2.4 Fighting
 + Level 3.7 Throwing
 - Level 2.4 Dodging
 - Level 2.4 Stealth
 + Level 6.9 Shields
 * Level 11.0 Unarmed Combat


You had 9 spell levels left.
You didn't know any spells.
Your spell library contained the following spells:

 Spells                   Type           Power      Damage    Failure   Level
 Magic Dart               Conj           0%         1d3       63%         1
 Searing Ray              Conj           0%         3d3       77%         2
 Slow                     Hex            0%         N/A       77%         2
 Confusing Touch          Hex            0%         N/A       94%         3
 Conjure Flame            Conj/Fire      0%         6-21      94%         3
 Gell's Gravitas          Tloc           0%         N/A       94%         3
 Ignite Poison            Fire/Tmut/Pois 0%         N/A       94%         3
 Lesser Beckoning         Tloc           0%         N/A       94%         3
 Teleport Other           Tloc           0%         N/A       94%         3
 Vampiric Draining        Necr           0%         2d6       94%         3
 Fulminant Prism          Conj/Hex       0%         3d6       100%        4
 Sticky Flame             Conj/Fire      0%         2d3       100%        4
 Yara's Violent Unravell  Hex/Tmut       0%         3d3       100%        5


Dungeon Overview and Level Annotations

Branches:
Dungeon (9/15)             Temple (0/1) D:7           Sewer (visited)
Ossuary (visited)
   Lair: D:8-11         Orc: D:9-12

Altars:
Dithmenos
Gozag
Hepliaklqana

Shops:
D:6 **   D:8 :

Annotations:
D:9 Erolcha


Innate Abilities, Weirdness & Mutations

You are too large for most types of armour.
You have claws for hands.
Your natural rate of healing is unusually fast.
You are covered in fur. (AC +1)
You have tough skin. (AC +1)
[You often lose your temper in combat.]


Message History

The wretched star pulses with an eldritch light!
You feel a little pissed off.
You feel angry.
You closely miss the ufetubus.
The ufetubus is severely wounded.
You block the ufetubus's attack. The ufetubus hits you.
You block the ufetubus's attack. x2
You mangle the ufetubus!!
You kill the ufetubus!
Dithmenos accepts your kill.
The wretched star glows turbulently.
The lance of force hits you!!
You are knocked back by the lance of force.
You slam into the stone wall!
You scratch the wretched star but do no damage.
The wretched star glows turbulently.
The lance of force hits you!
* * * LOW HITPOINT WARNING * * *
You are knocked back by the lance of force.
You slam into the stone wall!
* * * LOW HITPOINT WARNING * * *
You scratch the wretched star but do no damage.
You claw the wretched star!
The wretched star is lightly damaged.
You barely miss the wretched star.
The wretched star is lightly damaged.
You barely miss the wretched star.
The wretched star is lightly damaged.
The wretched star glows turbulently.
The lance of force hits you!!
* * * LOW HITPOINT WARNING * * *
You are knocked back by the lance of force.
You slam into the stone wall!
* * * LOW HITPOINT WARNING * * *
A red film seems to cover your vision as you go berserk!
You feel yourself moving faster!
You feel mighty!
You claw the wretched star!
The wretched star is moderately damaged.
The wretched star glows turbulently.
The lance of force hits you!!
You die...

## .# ##
..#. . . #
##..###
...#..#..
#......#
#*@### #
#...#..
...##...#
# . .#..
#...#.##
#.#
##..[##..#
# # #..
...#.
###.###..#
. . ## ##
#......#
..#. # #
#.#. #.. .
. ..
###... #


You could see a wretched star.

Vanquished Creatures
  A two-headed ogre (D:8)
  A flying skull (Abyss:2)
  3 water moccasins
  3 sky beasts
  2 black bears (D:6)
  An ogre (D:4)
  2 phantoms
  A centaur (D:8)
  A kobold brigand (D:7)
  A scorpion (D:5)
  2 wyvern zombies
  A water moccasin zombie (D:5)
  12 killer bees
  9 wights
  A howler monkey (D:4)
  An electric eel (D:7)
  3 bullfrog zombies
  A centaur zombie (D:5)
  An iron imp (Abyss:2)
  A hound (D:7)
  5 orc priests
  2 jellies
  A bullfrog skeleton (D:6)
  Terence (D:3)
  2 iguanas
  Natasha (twice) (D:2)
  5 orc wizards
  2 killer bee zombies (D:6)
  A hound skeleton (D:5)
  8 mummies (Ossuary)
  A howler monkey skeleton (D:5)
  7 adders
  A river rat (D:4)
  A shadow imp (D:6)
  2 white imps
  2 ufetubi
  2 adder skeletons (D:4)
  19 orcs
  5 endoplasms
  5 giant cockroaches
  8 goblins
  10 hobgoblins
  4 jackals
  7 kobolds
  4 quokkas
  4 ball pythons
  12 bats
  A frilled lizard (D:2)
  4 hobgoblin zombies (Ossuary)
  2 kobold zombies (Ossuary)
  2 orc zombies (Ossuary)
  3 rats
183 creatures vanquished.

Notes
Turn   | Place    | Note
-------+----------+-------------------------------------------
     0 | D:1      | pkoi the Troll Fighter began the quest for the Orb.
     0 | D:1      | Reached XP level 1. HP: 22/22 MP: 0/0
   255 | D:1      | Reached XP level 2. HP: 29/29 MP: 1/1
   259 | D:1      | Found a faded altar of an unknown god.
   671 | D:2      | Reached skill level 3 in Unarmed Combat
   671 | D:2      | Reached XP level 3. HP: 33/36 MP: 2/2
   823 | D:2      | Reached XP level 4. HP: 44/44 MP: 3/3
   910 | D:2      | Noticed Natasha
   917 | D:2      | Killed Natasha
   918 | D:2      | Reached skill level 4 in Unarmed Combat
  1331 | D:2      | Noticed Natasha
  1336 | D:2      | Killed Natasha
  1337 | D:2      | Reached XP level 5. HP: 50/50 MP: 4/4
  1644 | D:3      | Noticed Terence
  1690 | D:3      | Killed Terence
  1845 | D:3      | Noticed a shadow
  1846 | D:3      | Found a shadowy altar of Dithmenos.
  1847 | D:3      | Found a hazy altar of Hepliaklqana.
  1894 | D:3      | Became a worshipper of Dithmenos the Shadowed
  2170 | D:4      | Found a sand-covered staircase.
  2175 | Ossuary  | Entered an ossuary
  2187 | Ossuary  | Reached skill level 5 in Unarmed Combat
  2231 | Ossuary  | Reached XP level 6. HP: 59/59 MP: 5/5
  2308 | Ossuary  | Reached * piety under Dithmenos
  2464 | D:4      | Found a glowing drain.
  2470 | Sewer    | Entered a sewer
  2495 | Sewer    | Noticed a water moccasin
  2502 | Sewer    | Killed a water moccasin
  2503 | Sewer    | Reached skill level 6 in Unarmed Combat
  2560 | D:4      | Identified a scroll of acquirement
  2560 | D:4      | Acquired 932 gold pieces
  2689 | D:4      | Reached XP level 7. HP: 66/66 MP: 6/6
  3051 | D:4      | Reached skill level 7 in Unarmed Combat
  3603 | D:5      | Entered Level 5 of the Dungeon
  3823 | D:5      | Identified the +2 hat of Ruluudiwk {rElec rN++ Stlth-}
  3837 | D:5      | Reached skill level 5 in Shields
  3837 | D:5      | Reached XP level 8. HP: 74/74 MP: 7/7
  3897 | D:5      | Reached skill level 8 in Unarmed Combat
  4085 | D:6      | Found Liodwen's Mass Market.
  4105 | D:6      | Reached ** piety under Dithmenos
  4106 | D:6      | Reached skill level 1 in Stealth
  4168 | D:6      | Reached skill level 9 in Unarmed Combat
  4245 | D:6      | Identified the +5 short sword "Oqao" {freeze, rC+ Int+2}
  4323 | D:6      | Found Gozag's Platinum Reserve.
  4324 | D:6      | Found an opulent altar of Gozag.
  4499 | D:6      | Reached XP level 9. HP: 80/80 MP: 8/8
  4534 | D:7      | Reached skill level 1 in Throwing
  4554 | D:7      | Found a staircase to the Ecumenical Temple.
  4577 | D:7      | Identified the +0 buckler "Jakk" {rC++ Dex-4 SInv}
  4833 | D:7      | Reached skill level 10 in Unarmed Combat
  5990 | D:8      | Found Veacuh's Self-Improvement Boutique.
  6052 | D:8      | Noticed a two-headed ogre
  6060 | D:8      | Killed a two-headed ogre
  6061 | D:8      | Reached XP level 10. HP: 63/88 MP: 9/9
  6079 | D:8      | Reached *** piety under Dithmenos
  6371 | D:9      | Noticed Erolcha
  6389 | D:9      | Cast into level 2 of the Abyss (Erolcha)
  6474 | Abyss:2  | Reached skill level 11 in Unarmed Combat
  6491 | Abyss:2  | Noticed a wretched star
  6502 | Abyss:2  | HP: 2/88 [stone wall collision (14)]
  6504 | Abyss:2  | Killed from afar by a wretched star

Illustrated notes

Levels and vault maps discovered:
D:1:      erik_arrival_triangle_small, layout_basic,
          shapermc_ecumenical_altar_venn, due_unseen_surprise
D:2:      layout_basic, hangedman_decor_riveting, uniq_natasha
D:3:      layout_loops_ring, riverfiend_overflow_shadow_ancestor, uniq_terence
D:4:      layout_loops_corners, enter_ossuary_2, gup_sewer_entry_bubbles,
          roderic_serpentine_path
D:5:      layout_rooms
D:6:      layout_rooms, nicolae_gozag_zags_fifth_avenue, minmay_shop_mass
D:7:      layout_cave_pools, minmay_temple_entry_statues_pillars,
          water_boxes_lemuel
D:8:      layout_layer_cave, nicolae_shop_self_help
D:9:      layout_rooms, minmay_overflow_temple_star_quad,
          erik_lair_orcish_takeover, kennysheep_doodads, dk_noncrumbling_3,
          minmay_sticks_and_stones, uniq_erolcha
Abyss:2:  base:
Temple

Skill      XL: |  1  2  3  4  5  6  7  8  9 10 |
---------------+-------------------------------+-----
Unarmed Combat | 3 4 5 6 7 9 10 11 | 11.0
Shields        | 3 4 5 6 |  6.9
Stealth        | 2 |  2.4
Throwing       | 3 |  3.7
Fighting       | |  2.4
Dodging        | |  2.4

Action                   |  1- 3 |  4- 6 |  7- 9 | 10-12 || total
-------------------------+-------+-------+-------+-------++-------
Melee: Unarmed           |    86 |   206 |   313 |    45 ||   650
Throw: Dart              |       |       |     5 |    13 ||    18
  Use: Scroll            |       |    13 |     6 |       ||    19
       Potion            |       |     4 |       |     1 ||     5
 Stab: Sleeping          |     1 |     2 |     2 |       ||     5
Armor: Robe              |    44 |    61 |    83 |    14 ||   202
       Skin              |       |     1 |       |       ||     1
Dodge: Dodged            |    26 |    70 |   141 |    11 ||   248
Block: Kite shield       |    46 |   107 |   179 |    21 ||   353
